 Dungeon Crawl Stone Soup version 0.29-a0-362-g5854e031c7 (webtiles) character file.

Game seed: 7933536643530855241

10796 ytrimaz the Cleaver (level 11, -7/84 HPs)
             Began as a Demonspawn Berserker on Apr 29, 2022.
             Was a Priest of Trog.
             Mangled by RandomusNamus's ghost (13 damage)
             ... on level 10 of the Dungeon.
             The game lasted 00:12:59 (12167 turns).

ytrimaz the Cleaver (Demonspawn Berserker)         Turns: 12167, Time: 00:13:00

Health: -7/84      AC: 23    Str: 23    XL:     11   Next: 40%
Magic:  11/11      EV: 18    Int:  8    God:    Trog [***...]
Gold:   260        SH:  5    Dex: 12    Spells: 10/10 levels left

rFire   + . .      SeeInvis +   f - +0 war axe
rCold   . . .      Faith    .   p - orb {light}
rNeg    . . .      Spirit   .   c - +2 scale mail {rF+}
rPois   +          Reflect  +   (helmet unavailable)
rElec   .          Harm     .   (no cloak)
rCorr   .          Rampage  .   (no gloves)
Will    .....                   l - +2 pair of boots
Stlth   ..........              o - amulet of reflection
HPRegen 0.24/turn               K - +4 ring of protection
MPRegen 0.12/turn               B - ring of poison resistance

@: mighty, agile, sanguine armoured, on berserk cooldown, slowed, glowing,
invisible (but backlit and visible), very slow
A: antennae 3, powered by pain 1, spiny 2, sanguine armour 1
a: Renounce Religion, Berserk, Trog's Hand


You were on level 10 of the Dungeon.
You worshipped Trog.
Trog was most pleased with you.
You visited 2 branches of the dungeon, and saw 11 of its levels.

You collected 505 gold pieces.
You spent 245 gold pieces at shops.

Inventory:

Hand Weapons
 a - a +0 hand axe
 f - a +0 war axe (weapon)
Missiles
 w - 2 silver javelins (quivered)
 x - 6 boomerangs
Armour
 c - a +2 scale mail of fire resistance (worn)
 l - a +2 pair of boots (worn)
 p - an orb of light (worn)
 v - a +0 plate armour
 G - the +1 tower shield of Goac {rF+}
   (You took it off a gnoll on level 6 of the Dungeon)

   rF:        It protects you from fire.
Jewellery
 o - an amulet of reflection (around neck)
 B - a ring of poison resistance (right hand)
 K - a +4 ring of protection (left hand)
 M - a ring of ice
 O - an amulet of the acrobat
Wands
 t - a wand of mindburst (16)
 y - a wand of charming (6)
 C - a wand of paralysis (9)
 H - a wand of acid (10)
Scrolls
 b - 2 scrolls of fog
 d - 2 scrolls of brand weapon
 e - a scroll of enchant armour
 g - 3 scrolls of teleportation
 h - a scroll of fear
 k - 4 scrolls of vulnerability
 n - 2 scrolls of noise
 s - 3 scrolls of enchant weapon
 u - a scroll of torment {unknown}
 A - 3 scrolls of magic mapping
 I - 2 scrolls of holy word {unknown}
 N - a scroll of identify
Potions
 j - a potion of curing
 m - a potion of lignification
 q - a potion of flight
 r - a potion of degeneration {unknown}
 z - 3 potions of mutation {unknown}
 D - 2 potions of magic {unknown}
 E - 2 potions of invisibility
 F - a potion of berserk rage {unknown}
 J - a potion of might {unknown}
Miscellaneous
 L - a phantom mirror


   Skills:
 + Level 7.1 Fighting
 + Level 10.1 Axes
 * Level 9.4 Armour
 * Level 7.3 Dodging
 - Level 3.6 Shields


You had 10 spell levels left.
You didn't know any spells.
Your spell library was empty.

Dungeon Overview and Level Annotations

Branches:
Dungeon (10/15)            Temple (1/1) D:5
   Lair: D:8-11         Orc: D:9-12

Altars:
Wu Jian

Shops:
D:5 *   D:6 *(*   D:8 (([

Annotations:
D:10 1 transporter, RandomusNamus's ghost, journeyman MiCA


Innate Abilities, Weirdness & Mutations

You have a pair of large antennae on your head. (SInv)
You sometimes gain a little power by taking damage.
You are mostly covered in sharp spines.
When seriously injured, your blood forms armour. (AC +6)


Message History

Your transformation is almost over.
RandomusNamus's ghost hits you but does no damage.
Unknown command.
You feel much better.
You block RandomusNamus's ghost's attack.
RandomusNamus's ghost hits you but does no damage.
You hit RandomusNamus's ghost but do no damage.
RandomusNamus's ghost is moderately damaged.
RandomusNamus's ghost completely misses you.
You hit RandomusNamus's ghost but do no damage.
RandomusNamus's ghost is moderately damaged.
RandomusNamus's ghost hits you but does no damage.
You are electrocuted!
* * * LOW HITPOINT WARNING * * *
RandomusNamus's ghost hits you but does no damage.
You are electrocuted!!
* * * LOW HITPOINT WARNING * * *
You focus on the pain.
You feel very mighty all of a sudden.
You can't see any enemies this would affect, really read the scroll of fear?
Okay, then.
You feel better.
RandomusNamus's ghost hits you but does no damage.
It was a potion of flight.
Your roots keep you in place.
RandomusNamus's ghost hits you!
* * * LOW HITPOINT WARNING * * *
RandomusNamus's ghost hits you but does no damage.
It was a potion of invisibility.
You become transparent, but the glow from your halo prevents you from becoming completely invisible.
You feel less wooden.
Your +2 pair of boots unmelds from your body.
Your +2 scale mail of fire resistance unmelds from your body.
You feel resistant to fire.
Your blood congeals into armour.
RandomusNamus's ghost hits you.
* * * LOW HITPOINT WARNING * * *
You feel better. RandomusNamus's ghost misses you.
RandomusNamus's ghost hits you!
* * * LOW HITPOINT WARNING * * *
You are electrocuted!
You die...

#.....## #.###
#.##.#.#
##...########...#
#.##.#.# ##'##
#..########
#......# #.#
#..#...)..#
####.### #.#
#..#.#..#.#
#.#####
###.####..#..##..#
#.#....
##........#..##..#
#.#.###
#........©#$#..#)#
#.#.#
##...^....#?...W@#
#.#.###
......#..©#$#..#)#
#......
###.##.#..#..##..#
###.### #
#.####..#..##..#
#.... # #.#
#..#.#..#.# #####
#.# #..#©.....#
#.# #..########
#.# #####
#.########
########


You could see RandomusNamus's ghost.

Vanquished Creatures
  Fannar (D:10)
  8 two-headed ogres
  An ugly thing (D:9)
  A manticore (D:10)
  An unseen horror (D:10)
  A hornet (D:10)
  Prince Ribbit (D:6)
  A vampire (D:10)
  4 yaks (D:10)
  Eustachio (D:6)
  A steam dragon (D:7)
  An acid dragon (D:9)
  A water moccasin (D:4)
  An ice beast (D:5)
  An ogre (D:6)
  A sky beast (D:6)
  3 black bears
  5 centaurs
  A phantom (D:6)
  A kobold brigand (D:7)
  6 bullfrogs
  A necrophage (D:6)
  2 gnoll sergeants
  3 scorpions
  5 wights (D:9)
  5 killer bees (D:9)
  A jelly (D:7)
  4 hounds
  2 orc priests (D:7)
  Terence (D:3)
  3 iguanas
  4 orc wizards
  12 gnolls
  7 adders
  2 worms (D:2)
  2 dart slugs
  13 orcs
  5 endoplasms
  4 giant cockroaches
  7 goblins
  9 hobgoblins
  7 jackals
  9 kobolds
  2 quokkas
  8 ball pythons
  8 bats
  3 frilled lizards
  4 rats
175 creatures vanquished.

Notes
Turn   | Place    | Note
-------+----------+-------------------------------------------
     0 | D:1      | ytrimaz the Demonspawn Berserker began the quest for the
                  | Orb.
     0 | D:1      | Reached XP level 1. HP: 18/18 MP: 1/1
   127 | D:1      | Gained mutation: You sometimes gain a little power by
                  | taking damage. [demonic ancestry]
   127 | D:1      | Reached XP level 2. HP: 9/24 MP: 2/2
   138 | D:1      | Reached skill level 3 in Axes
   923 | D:1      | Gained mutation: You have a pair of small antennae on your
                  | head. [demonic ancestry]
   923 | D:1      | Reached XP level 3. HP: 28/29 MP: 3/3
  1036 | D:1      | Reached ** piety under Trog
  2153 | D:2      | Reached XP level 4. HP: 22/35 MP: 4/4
  3245 | D:3      | Reached XP level 5. HP: 41/41 MP: 5/5
  3499 | D:3      | Noticed Terence
  3521 | D:3      | Killed Terence
  3522 | D:3      | Reached skill level 4 in Axes
  4041 | D:3      | Found a faded altar of an unknown god.
  4533 | D:4      | Noticed a water moccasin
  4537 | D:4      | Reached skill level 1 in Shields
  4537 | D:4      | Gained mutation: You have a pair of antennae on your head.
                  | [demonic ancestry]
  4537 | D:4      | Reached XP level 6. HP: 46/48 MP: 6/6
  4547 | D:4      | Killed a water moccasin
  5049 | D:5      | Entered Level 5 of the Dungeon
  5237 | D:5      | Gained mutation: You are partially covered in sharp spines.
                  | [demonic ancestry]
  5237 | D:5      | Reached XP level 7. HP: 29/54 MP: 7/7
  5396 | D:5      | Found a staircase to the Ecumenical Temple.
  5486 | D:5      | Reached skill level 5 in Axes
  5964 | D:5      | Found Enolouxo's Assorted Antiques.
  5967 | D:5      | Bought a scroll of identify for 50 gold pieces
  5967 | D:5      | Bought a silver ring for 125 gold pieces
  6435 | Temple   | Entered the Ecumenical Temple
  6448 | D:6      | Found Nuluckidd's General Store.
  6493 | D:6      | Found an ornate altar of the Wu Jian Council.
  6568 | D:6      | Found Xothisha's Antique Weapon Shoppe.
  6578 | D:6      | Found Qeriad's General Store.
  6585 | D:6      | Noticed Prince Ribbit
  6597 | D:6      | Killed Prince Ribbit
  6598 | D:6      | Reached XP level 8. HP: 58/61 MP: 8/8
  6632 | D:6      | Reached skill level 6 in Axes
  6746 | D:6      | Reached skill level 5 in Armour
  6817 | D:6      | Reached *** piety under Trog
  6953 | D:6      | Identified the +1 tower shield of Goac {rF+}
  6973 | D:6      | Reached skill level 5 in Fighting
  7235 | D:6      | Noticed Eustachio
  7255 | D:6      | Killed Eustachio
  7256 | D:6      | Gained mutation: You are mostly covered in sharp spines.
                  | [demonic ancestry]
  7256 | D:6      | Reached XP level 9. HP: 64/68 MP: 9/9
  7303 | D:6      | Reached skill level 7 in Axes
  7303 | D:6      | Reached skill level 5 in Dodging
  8328 | D:8      | Found Vomezer's Weapon Emporium.
  8659 | D:8      | Found Loaxeriu's Armour Emporium.
  8778 | D:8      | Found Tibruss's Weapon Shoppe.
  8927 | D:9      | Noticed a two-headed ogre
  8935 | D:9      | Killed a two-headed ogre
  8936 | D:9      | Reached skill level 8 in Axes
  8936 | D:9      | Noticed a two-headed ogre
  9045 | D:9      | Killed a two-headed ogre
  9046 | D:9      | Gained mutation: You have a pair of large antennae on your
                  | head. (SInv) [demonic ancestry]
  9046 | D:9      | Reached XP level 10. HP: 76/76 MP: 10/10
  9298 | D:9      | Noticed a brown ugly thing
  9730 | D:9      | Killed a brown ugly thing
  9819 | D:9      | Noticed a wolf spider
 10284 | D:10     | Entered Level 10 of the Dungeon
 10292 | D:10     | Noticed a manticore
 10296 | D:10     | Killed a manticore
 10376 | D:10     | Noticed RandomusNamus's ghost (journeyman MiCA)
 10377 | D:10     | Found a transporter.
 10377 | D:10     | Found a transporter.
 10377 | D:10     | Noticed a two-headed ogre
 10377 | D:10     | Noticed a two-headed ogre
 10378 | D:10     | Noticed a two-headed ogre
 10379 | D:10     | Noticed a two-headed ogre
 10379 | D:10     | Identified the +9 dire flail of the Firefly {vorpal, rF-
                  | rN+ Will++ Dex+3}
 10379 | D:10     | Noticed a two-headed ogre
 10423 | D:10     | Noticed a two-headed ogre
 10431 | D:10     | Killed a two-headed ogre
 10791 | D:6      | Bought a war axe for 70 gold pieces
 11125 | D:10     | Reached skill level 9 in Axes
 11138 | D:10     | Noticed Fannar
 11158 | D:10     | Killed Fannar
 11813 | D:10     | Gained mutation: When seriously injured, your blood forms
                  | armour. (AC +6) [demonic ancestry]
 11813 | D:10     | Reached XP level 11. HP: 79/83 MP: 11/11
 12140 | D:10     | Killed a two-headed ogre
 12142 | D:10     | Killed a two-headed ogre
 12147 | D:10     | Killed a two-headed ogre
 12149 | D:10     | Killed a two-headed ogre
 12150 | D:10     | Reached skill level 10 in Axes
 12150 | D:10     | Killed a two-headed ogre
 12166 | D:10     | HP: 3/84 [RandomusNamus's ghost (2)]
 12167 | D:10     | Mangled by RandomusNamus's ghost

Illustrated notes

Levels and vault maps discovered:
D:1:      amcnicky_arrival_double_pillar, layout_rooms
D:2:      layout_basic, hangedman_decor_push, minmay_unequal
D:3:      layout_basic, nicolae_ecumenical_oubliette, minmay_stone_trees_medium,
          st_stairs_1, minmay_misc_feat_enclosed, uniq_terence
D:4:      layout_basic
D:5:      layout_layer_cave, minmay_temple_entry_junction, serial_shops,
          kennysheep_mini_moat
D:6:      wander_river, layout_loops_ring, mainiacjoe_overflow_paths,
          serial_shops, shop, nicolae_stop_n_shop_2,
          nicolae_shop_hallway_stairs, uniq_prince_ribbit1, uniq_eustachio
D:7:      layout_rooms
D:8:      layout_loops_cross, serial_shops, nicolae_shop_stone,
          nicolae_shop_window_shopping, kennysheep_little_box, ldierk_geyser
D:9:      layout_rooms, kennysheep_island_fort
D:10:     layout_loops_corners, gammafunk_ghost_smash, uniq_fannar
Temple:   kilobyte_greek_temple

Skill      XL: |  1  2  3  4  5  6  7  8  9 10 11 |
---------------+----------------------------------+-----
Dodging        | 2 3 4 5 6 7 |  7.3
Axes           | 3 4 5 6 8 9 10 | 10.1
Armour         | 2 3 4 5 7 9 |  9.4
Shields        | 1 2 3 |  3.6
Fighting       | 4 5 6 7 |  7.1

Action                   |  1- 3 |  4- 6 |  7- 9 | 10-12 || total
-------------------------+-------+-------+-------+-------++-------
Melee: Hand axe          |   103 |   201 |   166 |    54 ||   524
       Punch             |     2 |       |       |       ||     2
       War axe           |       |       |       |   102 ||   102
Invok: Berserk           |     3 |     2 |     4 |     5 ||    14
       Trog's Hand       |     1 |     1 |     1 |     3 ||     6
  Use: Scroll            |     1 |     3 |     6 |     3 ||    13
       Potion            |       |       |       |     8 ||     8
 Stab: Sleeping          |     1 |       |       |       ||     1
Armor: Animal skin       |    23 |    15 |       |       ||    38
       Scale mail        |       |    56 |    66 |    63 ||   185
       Skin              |       |       |       |    28 ||    28
Dodge: Dodged            |    79 |    99 |    93 |    81 ||   352
Block: Orb               |     2 |    51 |    48 |    38 ||   139
       Reflection        |       |     1 |     2 |     1 ||     4

Table legend: (Time is in decaauts)
 A = Elapsed time spent in this place.
 B = Non-inter-level travel time spent in this place.
 C = Inter-level travel time spent in this place.
 D = Time resting spent in this place.
 E = Time spent auto-exploring this place.
 F = Levels seen in this place.
 G = Mean time per level.
                   A        B        C        D        E       F      G
               +--------+--------+--------+--------+--------+-----+--------+
         Total |  12338 |  11926 |    412 |    854 |   9381 |  11 | 1121.6 |
       Dungeon |  12336 |  11924 |    412 |    854 |   9381 |  10 | 1233.6 |
        Temple |      1 |      1 |      0 |      0 |      0 |   1 |    1.0 |
               +--------+--------+--------+--------+--------+-----+--------+

Top non-repeatable levels by time:
     D:2: 1947 daAuts
    D:10: 1795 daAuts
     D:5: 1401 daAuts
     D:8: 1289 daAuts
     D:1: 1249 daAuts
     D:6: 1130 daAuts
     D:3: 994 daAuts
     D:4: 941 daAuts
     D:9: 926 daAuts
     D:7: 660 daAuts
  Temple: 1 daAuts
